 Dungeon Crawl Stone Soup version 0.18.0-2-g198d6d4 (webtiles) character file.

72 Northaan the Sneak (level 4, 0/30 HPs)
             Began as an Octopode Assassin on May 5, 2016.
             Slain by a kobold (3 damage)
             ... on level 1 of the Dungeon.
             The game lasted 00:02:22 (1794 turns).

Northaan the Sneak (Octopode Assassin)              Turns: 1794, Time: 00:02:22

Health: 0/30       AC:  1    Str: 11    XL:     4   Next: 26%
Magic:  4/4        EV: 12    Int: 13    God:
Gold:   88         SH:  0    Dex: 13    Spells: 0 memorised, 3 levels left

rFire  . . .     SeeInvis .     i - +0 dagger (freeze)
rCold  . . .     Gourm    .     (no shield)
rNeg   . . .     Faith    .     (helmet restricted)
rPois  .         Spirit   .     (no amulet)
rElec  .         Dismiss  .     (no ring)
rCorr  .         Reflect  .     (no ring)
SustAt .         Harm     .     (no ring)
MR     .....                    (no ring)
Stlth  +++++.....               (no ring)
                                (no ring)
                                (no ring)
                                (no ring)

@: not resistant to hostile enchantments, quite stealthy
A: almost no armour, amphibious, 8 rings, constrict 8, camouflage 1, gelatinous
body 1
a: no special abilities


You were on level 1 of the Dungeon.
You were near starving.

You visited 1 branch of the dungeon, and saw 2 of its levels.

You collected 88 gold pieces.

Inventory:

Hand Weapons
 a - a +2 dagger
 b - a +0 blowgun
 i - a +0 dagger of freezing (weapon)
Missiles
 c - 8 poisoned needles
 d - 2 curare-tipped needles
Scrolls
 e - 2 scrolls of remove curse {unknown}
 k - a scroll of fear {unknown}
 l - 4 scrolls of identify {unknown}
 m - a scroll of fog {unknown}
 o - a scroll of blinking {unknown}
 p - a scroll of teleportation {unknown}
Potions
 j - 2 potions of brilliance {unknown}
 n - a potion of curing {unknown}
Comestibles
 f - 3 bread rations
 g - a beef jerky
 h - a royal jelly


   Skills:
 + Level 2.6 Fighting
 + Level 2.4 Short Blades
 + Level 2.8 Throwing
 + Level 1.3 Dodging
 * Level 6.2 Stealth


You had 3 spell levels left.
You didn't know any spells.

Dungeon Overview and Level Annotations

Branches:
Dungeon (2/15)

Altars:
Kikubaaqudgha
Okawaru


Innate Abilities, Weirdness & Mutations

You cannot wear most types of armour.
You are amphibious.
You can wear up to eight rings at the same time.
You can use your tentacles to constrict eight enemies at once.
Your skin changes colour to match your surroundings (Stealth).
Your rubbery body absorbs attacks (AC +1).


Message History

There is an open door, spattered with blood here.
You see here a stone.
The gnoll throws a stone.
The stone barely misses you.
You see here a stone.
You open the door. The kobold closely misses you.
There is an open door here.
There is an open door here.
There is an open door here.
The gnoll throws a stone.
The stone hits you.
* * * LOW HITPOINT WARNING * * *
You see here a stone.
There is a stone staircase leading up here.
The kobold barely misses you.
You climb upwards.
There is a stone staircase leading down here.
You closely miss the kobold. You grab the kobold.
You constrict the kobold, but do no damage.
The kobold completely misses you.
You barely miss the kobold. You constrict the kobold. The kobold hits you.
You die...

### #.###########
#...........#
######.#########.#
.......#########.#
...............K@#
.......#####.###.#
#'####.# #.###.#
#.# #.# #.#...#
#'####.#####.#.#.#
....##.......#.###
....##########.####
....#......)......#
#.###.########.##.#


You could see a kobold.

Vanquished Creatures
  2 adders (D:2)
  A worm (D:2)
  3 dart slugs
  A giant gecko (D:1)
  An orc (D:2)
  A ball python (D:1)
  A bat (D:2)
  5 giant cockroaches
  7 goblins
  5 hobgoblins
  2 jackals (D:1)
  2 giant newts
  6 kobolds
  4 rats
41 creatures vanquished.

Notes
Turn   | Place    | Note
--------------------------------------------------------------
     0 | D:1      | Northaan the Octopode Assassin began the quest for the Orb.
     0 | D:1      | Reached XP level 1. HP: 14/14 MP: 1/1
   294 | D:1      | Reached XP level 2. HP: 11/19 MP: 2/2
   742 | D:1      | Reached XP level 3. HP: 12/25 MP: 3/3
  1326 | D:2      | Found an ancient bone altar of Kikubaaqudgha.
  1668 | D:2      | Reached XP level 4. HP: 30/30 MP: 4/4
  1699 | D:2      | Reached skill level 6 in Stealth
  1738 | D:2      | Found an iron altar of Okawaru.
  1779 | D:2      | HP: 1/30 [gnoll/stone (5)]
  1794 | D:1      | Slain by a kobold

Skill      XL: |  1  2  3  4 |
---------------+-------------+-----
Stealth        | 6 |  6.2
Fighting       | |  2.6
Short Blades   | |  2.4
Throwing       | |  2.8
Dodging        | |  1.3

Action                   |  1- 3 |  4- 6 || total
-------------------------+-------+-------++-------
Melee: Dagger            |    73 |    13 ||    86
       Constrict         |    17 |     4 ||    21
       Tentacles         |    10 |     1 ||    11
 Stab: Sleeping          |    14 |     1 ||    15
       Distracted        |       |     1 ||     1
  Eat: Chunk             |     1 |       ||     1
Armor: Skin              |     3 |     1 ||     4
Dodge: Dodged            |    24 |    20 ||    44
